 Dungeon Crawl Stone Soup version 0.27-a0-1590-g15f69828bf (webtiles) character file.

Game seed: 16141750109996173695

3791 Sobieck the Fighter (level 10, -8/110 HPs)
             Began as an Ogre Berserker on July 18, 2021.
             Was an Elder of Trog.
             Mangled by an orc warrior (18 damage)
             ... in a bailey.
             The game lasted 00:16:42 (8157 turns).

Sobieck the Fighter (Ogre Berserker)                Turns: 8157, Time: 00:16:43

Health: -8/110     AC:  9    Str: 25    XL:     10   Next: 16%
Magic:  10/10      EV: 11    Int: 14    God:    Trog [****..]
Gold:   436        SH:  0    Dex:  9    Spells: 9/9 levels left

rFire    . . .     SeeInvis +   a - +0 giant spiked club {mace}
rCold    + . .     Faith    .   (shield currently unavailable)
rNeg     . . .     Spirit   .   f - +0 animal skin
rPois    .         Reflect  .   (helmet restricted)
rElec    .         Harm     .   g - +1 cloak
rCorr    .         Rampage  .   (gloves unavailable)
Will     +....                  (boots unavailable)
Stlth    +.........             z - amulet "Yklirgh" {rC+ Regen+ SInv}
HPRegen  1.28/turn              m - +4 ring of protection
MPRegen  0.12/turn              p - +6 ring of intelligence

@: on berserk cooldown, slowed, very slow
A: large, unfitting armour, tough skin 1
a: Renounce Religion, Berserk, Trog's Hand, Brothers in Arms


You were in a bailey.
You worshipped Trog.
Trog was greatly pleased with you.
You visited 1 branch of the dungeon, and saw 7 of its levels.
You also visited: Bailey.

You collected 436 gold pieces.


Innate Abilities, Weirdness & Mutations

You are too large for most types of armour.
You have tough skin. (AC +1)


   Skills:
 - Level 10.0 Fighting
 + Level 8.2 Maces & Flails
 - Level 6.0 Throwing
 - Level 7.0 Dodging


You had 9 spell levels left.
You didn't know any spells.
Your spell library contained the following spells:

 Spells                   Type           Power      Damage    Failure   Level
 Corona                   Hex            0%         N/A       28%         1
 Ensorcelled Hibernation  Hex/Ice        0%         N/A       41%         2
 Portal Projectile        Hex/Tloc       0%         N/A       65%         3
 Tukima's Dance           Hex            0%         N/A       65%         3
 Blade Hands              Tmut           0%         N/A       100%        5
 Excruciating Wounds      Necr           0%         N/A       100%        5

Inventory:

Hand Weapons
 a - a +0 giant spiked club (weapon) {mace}
   (You took it off an ogre on level 4 of the Dungeon)
 b - a +0 mace {mace}
 h - a +3 dagger {short}
   (You found it on level 6 of the Dungeon)
 i - a +2 falchion of protection {long}
   (You found it on level 2 of the Dungeon)
 v - a +4 antimagic dagger {short}
   (You took it off a goblin on level 3 of the Dungeon)
 C - the +1 halberd of Ati Ace {drain, rF+ Str+3, polearm}
   (You found it on level 4 of the Dungeon)

   A truly terrible weapon, it drains the life of any living foe it strikes.
   Str:       It affects your strength (+3).
   rF:        It protects you from fire.
 F - a +2 vorpal hand axe {axe}
   (You took it off an orc on level 5 of the Dungeon)
 G - a +0 antimagic dagger {short}
   (You took it off a kobold on level 5 of the Dungeon)
 I - a +6 rapier of speed {short}
   (You took it off Duvessa on level 5 of the Dungeon)
 M - a +4 dire flail of protection {mace}
   (You took it off Edmund on level 6 of the Dungeon)
 P - a +0 whip of flaming {mace}
   (You took it off Pikel on level 7 of the Dungeon)
Missiles
 c - 207 stones (quivered) {throwing}
 d - 51 poisoned darts {throwing}
 k - 40 sling bullets
 l - 110 arrows
 r - 10 bolts
 s - 3 boomerangs {throwing}
 L - a curare-tipped dart {=fthrowing}
Armour
 f - a +0 animal skin (worn)
 g - a +1 cloak (worn)
   (You found it on level 2 of the Dungeon)
Jewellery
 m - a +4 ring of protection (left hand)
   (You found it on level 2 of the Dungeon)
 p - a +6 ring of intelligence (right hand)
   (You found it on level 1 of the Dungeon)
 z - the amulet "Yklirgh" (around neck) {rC+ Regen+ SInv}
   (You acquired it on level 5 of the Dungeon)

   [amulet of regeneration]

   rC:        It protects you from cold.
   SInv:      It lets you see invisible.
   Regen:     It increases your rate of health regeneration.
Wands
 A - a wand of iceblast (8)
   (You found it on level 4 of the Dungeon)
 N - a wand of flame (7)
   (You took it off Edmund on level 6 of the Dungeon)
Scrolls
 j - a scroll of fear
 q - 2 scrolls of holy word
 y - a scroll of blinking {!r}
 E - a scroll of magic mapping {!r}
 H - a scroll of vulnerability {!r!r}
 J - a scroll of teleportation {@r4}
Potions
 n - 4 potions of curing {@q1}
 o - a potion of magic
 t - 3 potions of resistance
 u - a potion of haste {@q3}
 w - 3 potions of invisibility
 x - a potion of attraction {unknown}
 B - a potion of might {unknown}
 D - a potion of lignification {unknown}
 K - a potion of cancellation {unknown}
 O - a potion of brilliance {unknown}

Dungeon Overview and Level Annotations

Branches:
Dungeon (7/15)             Temple (0/1) D:6          Bailey (1/1)

Altars:
Makhleb
Nemelex Xobeh
Qazlal
Trog
The Shining One

Shops:
D:1 !   D:4 =*?

Annotations:
D:3 Terence ....... ..... ... ##'## #...# #.o.# #ooo#

#o)o#
###@###
##...).##
#.......#
#.......#
#.......#
#.......#
#.......#
#.......#
#.......#


You could see 2 orc warriors and 4 orcs.


Message History

The orc hits you but does no damage.
The orc warrior barely misses you. 😮 HP[-11]
You take 11 damage, and now have 116/165 hp.
You miss the orc warrior.
The orc warrior shouts!
The orc hits you but does no damage. The orc warrior barely misses you.
The orc misses you. The orc warrior barely misses you. The orc misses you.
The orc warrior hits you with a +0 halberd. 😮 HP[-4]
You take 4 damage, and now have 112/165 hp.
You closely miss the orc warrior.
An orc comes into view. It is wielding a +0 halberd.
The orc barely misses you.
The orc warrior hits you but does no damage.
The orc hits you with a +0 halberd!
The orc warrior hits you from afar with a +0 glaive!
The orc closely misses you.
The orc warrior closely misses you. 😮 HP[-17]
You take 17 damage, and now have 95/165 hp.
You puncture the orc warrior!
You feel the power of Trog in you as your rage grows.
You kill the orc warrior!
Trog accepts your kill. The orc closely misses you.
The orc warrior hits you with a +0 spear!
The orc hits you with a +0 halberd!
* * * LOW HITPOINT WARNING * * *
The orc warrior barely misses you. The orc hits you but does no damage.
Your Maces & Flails skill increases to level 8! 😨 HP[-18]
You take 18 damage, and now have 77/165 hp.
You closely miss the orc. The orc hits you but does no damage.
The orc warrior closely misses you. The orc closely misses you.
The orc warrior hits you from afar with a +0 glaive!
* * * LOW HITPOINT WARNING * * *
The orc hits you with a +0 hand axe.
* * * LOW HITPOINT WARNING * * *
😨 HP[-12]
You take 12 damage, and now have 65/165 hp.
You hit the orc warrior.
The orc warrior hits you with a +0 spear.
* * * LOW HITPOINT WARNING * * *
The orc closely misses you. The orc warrior barely misses you.
The orc barely misses you. 😨 HP[-5]
You take 5 damage, and now have 60/165 hp.
You bludgeon the orc warrior!! The orc barely misses you.
The orc warrior hits you with a +0 spear!
* * * LOW HITPOINT WARNING * * *
😨 HP[-9]
You take 9 damage, and now have 51/165 hp.
You stick the orc warrior like a pincushion!!!
You kill the orc warrior!
Trog accepts your kill. The orc hits you but does no damage.
The orc warrior hits you but does no damage. 😨 HP[+1]
You barely miss the orc.
The orc warrior hits you from afar with a +0 halberd.
* * * LOW HITPOINT WARNING * * *
The orc closely misses you. The orc warrior closely misses you.
The orc closely misses you. The orc barely misses you. 😨 HP[-5]
You take 5 damage, and now have 47/165 hp.
You bludgeon the orc!!
You kill the orc!
Trog accepts your kill. The orc warrior closely misses you.
The orc barely misses you. The orc warrior barely misses you.
The orc misses you. The orc barely misses you. 😨 HP[+2]
You regained 2 hp, and now have 49/165 hp.
You hit the orc.
You are no longer berserk.
You are exhausted.
You feel yourself slow down.
The orc warrior hits you but does no damage.
The orc hits you from afar with a +0 halberd.
* * * LOW HITPOINT WARNING * * *
The orc warrior hits you from afar with a +0 glaive!
* * * LOW HITPOINT WARNING * * *
The orc closely misses you. 😱 HP[-35]
You now have 110 max hp (-55).
You feel much better. The orc misses you.
The orc warrior hits you from afar with a +0 halberd!
* * * LOW HITPOINT WARNING * * *
The orc barely misses you. The orc hits you but does no damage.
The orc warrior misses you. The orc hits you but does no damage. x2
The orc warrior hits you but does no damage. 😱 HP[+3]
You regained 3 hp, and now have 17/110 hp.
You feel much better.
The orc warrior hits you from afar with a +0 glaive!!
* * * LOW HITPOINT WARNING * * *
The orc misses you. The orc hits you with a +0 hand axe.
* * * LOW HITPOINT WARNING * * *
The orc warrior barely misses you. The orc closely misses you.
The orc warrior hits you from afar with a +0 glaive!!
You die...

Skill      XL: |  1  2  3  4  5  6  7  8  9 10 |
---------------+-------------------------------+-----
Dodging        | 3 4 5 6 7 |  7.0
Maces & Flails | 3 4 5 6 7 8 |  8.2
Fighting       | 6 7 8 9 10 | 10.0
Throwing       | 2 4 6 |  6.0

Action                   |  1- 3 |  4- 6 |  7- 9 | 10-12 || total
-------------------------+-------+-------+-------+-------++-------
Melee: Mace              |    93 |   112 |    34 |       ||   239
       Giant spiked club |       |     8 |   303 |    67 ||   378
Throw: Stone             |    16 |       |     7 |       ||    23
       Dart              |     2 |     3 |       |       ||     5
Invok: Berserk           |     3 |     5 |    15 |     2 ||    25
       Trog's Hand       |       |       |     2 |     1 ||     3
  Use: Scroll            |       |     3 |    13 |     1 ||    17
       Potion            |       |       |       |     2 ||     2
Armor: Animal skin       |    39 |    53 |   207 |    88 ||   387
Dodge: Dodged            |    46 |    70 |   263 |   166 ||   545

Levels and vault maps discovered:
D:1:      lightli_arrival_statue_moat, layout_basic,
          shapermc_ecumenical_altar_notcrosses, serial_shops, shop,
          serial_rivers, chequers_serial_rivers_room_a,
          chequers_serial_rivers_micro_c, chequers_serial_rivers_micro_e,
          chequers_serial_rivers_micro_e, chequers_serial_rivers_micro_e,
          chequers_serial_rivers_small_3, fountainhead
D:2:      layout_basic, interstate_on_off
D:3:      layout_loops_ring, nicolae_qazlal_style_of_elements, uniq_grinder,
          uniq_terence
D:4:      minmay_inner_zag, layout_rooms, mainiacjoe_overflow_catwalk,
          mainiacjoe_overflow_surrounded_room, serial_shops,
          nicolae_shop_behind_doors, nicolae_diamond_shop,
          minmay_misc_feat_cross, minmay_splitting_lines,
          nicolae_shop_overcharged_wands
D:5:      layout_cave_pods, uniq_menkaure, uniq_duvessa
D:6:      wad_river_or_something, layout_gridville, jmf_multi_god_temple2,
          minmay_temple_entry_fiery, uniq_edmund
D:7:      layout_cave_pools, enter_bailey_5, amcnicky_mini_rare_corridor_liquid,
          uniq_pikel
Bailey:   bailey_polearm_5, bailey

Notes
Turn   | Place    | Note
-------+----------+-------------------------------------------
     0 | D:1      | Sobieck the Ogre Berserker began the quest for the Orb.
     0 | D:1      | Reached XP level 1. HP: 24/24 MP: 1/1
     0 | D:1      | magus.rc [v1.9.6]
   195 | D:1      | Found Yraqaapo's Distillery.
   240 | D:1      | Reached XP level 2. HP: 31/32 MP: 2/2
   397 | D:1      | Reached skill level 3 in Dodging
   406 | D:1      | Reached skill level 3 in Maces & Flails
   687 | D:1      | Reached XP level 3. HP: 40/40 MP: 3/3
  1327 | D:2      | Reached XP level 4. HP: 32/49 MP: 4/4
  1465 | D:3      | Reached ** piety under Trog
  1466 | D:3      | Noticed Terence
  1613 | D:2      | Reached skill level 5 in Fighting
  2274 | D:1      | Found a faded altar of an unknown god.
  2666 | D:3      | Noticed Grinder
  2682 | D:3      | Killed Grinder
  2683 | D:3      | Reached skill level 6 in Fighting
  2683 | D:3      | Reached skill level 4 in Maces & Flails
  2683 | D:3      | Reached skill level 4 in Dodging
  2683 | D:3      | Reached XP level 5. HP: 59/59 MP: 5/5
  2683 | D:3      | Reached XP level 6. HP: 67/67 MP: 6/6
  2915 | D:3      | You pick up a book of Maledictions {forbidden} and begin
                  | reading...
  2915 | D:3      | You add the spells Corona, Ensorcelled Hibernation and
                  | Tukima's Dance to your library.
  3265 | D:4      | Reached skill level 5 in Maces & Flails
  3375 | D:4      | Reached XP level 7. HP: 73/75 MP: 7/7
  3421 | D:3      | Found a stormy altar of Qazlal.
  3423 | D:3      | Noticed a fire elemental
  3424 | D:3      | Noticed a water elemental
  3424 | D:3      | Noticed an air elemental
  3653 | D:3      | Reached skill level 1 in Throwing
  3808 | D:4      | Found Buklilor's Magic Scroll Boutique.
  3841 | D:4      | Found Loazukan's Jewellery Shoppe.
  4245 | D:4      | You pick up a book of Weapons {forbidden} and begin
                  | reading...
  4245 | D:4      | You add the spells Portal Projectile, Excruciating Wounds
                  | and Blade Hands to your library.
  4513 | D:4      | Found a sparkling altar of Nemelex Xobeh.
  4557 | D:4      | Found Sigen's Overcharged Wands.
  4723 | D:4      | Found a glowing golden altar of the Shining One.
  4726 | D:4      | Identified the +1 halberd of Ati Ace {drain, rF+ Str+3}
  4838 | D:5      | Entered Level 5 of the Dungeon
  4895 | D:5      | Noticed a steam dragon
  4901 | D:4      | Reached skill level 2 in Throwing
  5076 | D:5      | Noticed Menkaure
  5088 | D:5      | Killed Menkaure
  5089 | D:5      | Reached skill level 7 in Fighting
  5089 | D:5      | Reached XP level 8. HP: 87/87 MP: 8/8
  5266 | D:5      | Reached *** piety under Trog
  5767 | D:5      | Reached skill level 3 in Throwing
  5853 | D:5      | Reached skill level 5 in Dodging
  5861 | D:5      | Identified a scroll of acquirement
  5861 | D:5      | Acquired the amulet "Yklirgh" {rC+ Regen+ SInv}
  5906 | D:5      | Reached skill level 6 in Maces & Flails
  6108 | D:5      | Noticed Duvessa
  6113 | D:5      | Noticed Dowan
  6133 | D:5      | Killed Duvessa
  6134 | D:5      | Reached skill level 8 in Fighting
  6134 | D:5      | Killed Dowan
  6346 | D:5      | HP: 19/88 [steam dragon/ball of steam (8)]
  6347 | D:5      | HP: 5/88 [something (14)]
  6348 | D:5      | Reached skill level 4 in Throwing
  6538 | D:5      | Reached XP level 9. HP: 73/97 MP: 9/9
  6907 | D:6      | Found a large runed translucent door.
  7193 | D:6      | Noticed an unseen horror
  7198 | D:6      | Killed an unseen horror
  7199 | D:6      | Reached skill level 6 in Dodging
  7268 | D:6      | Found a large runed translucent door.
  7305 | D:6      | Reached skill level 9 in Fighting
  7321 | D:6      | Reached skill level 5 in Throwing
  7352 | D:6      | Noticed Edmund
  7378 | D:6      | Killed Edmund
  7379 | D:6      | Reached skill level 7 in Maces & Flails
  7753 | D:6      | Found a staircase to the Ecumenical Temple.
  7802 | D:6      | Found a burning altar of Makhleb.
  7811 | D:6      | Found a bloodstained altar of Trog.
  7887 | D:7      | Noticed Pikel
  7905 | D:7      | Killed Pikel
  7909 | D:7      | Reached skill level 6 in Throwing
  7909 | D:7      | Reached XP level 10. HP: 52/110 MP: 10/10
  7910 | D:7      | Reached skill level 10 in Fighting
  7979 | D:7      | Reached skill level 7 in Dodging
  7982 | D:7      | Found a flagged portal.
  7985 | D:7      | Reached **** piety under Trog
  8012 | Bailey   | Entered a bailey
  8149 | Bailey   | Reached skill level 8 in Maces & Flails
  8155 | Bailey   | HP: 14/110 [orc warrior (14)]
  8157 | Bailey   | Mangled by an orc warrior

Vanquished Creatures
  Pikel (D:7)
  An unseen horror (D:6)
  Grinder (D:3)
  A wyvern (D:7)
  A steam dragon (D:5)
  Menkaure (D:5)
  Edmund (D:6)
  A water moccasin (D:7)
  Duvessa (D:5)
  2 orc warriors (Bailey)
  An ice beast (D:6)
  2 black bears
  4 ogres
  A centaur (D:7)
  A lemure (D:6)
  2 kobold brigands
  A bullfrog (D:6)
  Dowan (D:5)
  A scorpion (D:5)
  2 electric eels (D:6)
  A howler monkey (D:4)
  A bullfrog zombie (D:5)
  2 jellies
  2 orc priests
  6 hounds
  A bullfrog skeleton (D:7)
  3 iguanas
  4 orc wizards
  14 adders
  An ufetubus (D:4)
  3 dart slugs
  A worm (D:2)
  33 orcs
  11 ball pythons
  4 endoplasms (D:1)
  A giant cockroach (D:1)
  12 goblins
  9 hobgoblins
  3 jackals
  13 kobolds
  2 quokkas
  4 bats
  4 frilled lizards
  3 rats
165 creatures vanquished.

Table legend:
 A = Non-vault XP
 B = Vault XP
 C = Vault XP percentage of total XP
 D = Non-vault monster count
 E = Vault monster count
 F = Vault count percentage of total count
                 A         B        C        D         E       F
            +---------+---------+-------+---------+---------+-------
      Total |    2793 |    2624 |  48.4 |     120 |      44 |  26.8
            +---------+---------+-------+---------+---------+-------
        D:1 |      49 |       0 |   0.0 |      27 |       0 |   0.0
        D:2 |      86 |       0 |   0.0 |      16 |       0 |   0.0
        D:3 |      94 |     290 |  75.5 |      16 |       1 |   5.9
        D:4 |     327 |      86 |  20.8 |      16 |       6 |  27.3
        D:5 |    1081 |     406 |  27.3 |      31 |       3 |   8.8
        D:6 |     668 |     831 |  55.4 |      10 |      12 |  54.5
        D:7 |     488 |     693 |  58.7 |       4 |       5 |  55.6
     Bailey |       0 |     318 | 100.0 |       0 |      17 | 100.0
            +---------+---------+-------+---------+---------+-------

Illustrated notes

Table legend:
 A = Kills in this place as a percentage of kills in entire the game.
 B = Kills by you in this place as a percentage of kills by you in the entire game.
 C = Kills by friends in this place as a percentage of kills by friends in the entire game.
 D = Other kills in this place as a percentage of other kills in the entire game.
 E = Experience gained in this place as a percentage of experience gained in the entire game.
 F = Experience gained in this place divided by the number of levels of this place that you have seen.
                   A       B       C       D       E      F
               +-------+-------+-------+-------+-------+----------------------
         Total | 100.0 | 100.0 |   N/A |   N/A | 100.0 | 677.1
       Dungeon |  89.6 |  89.6 |   N/A |   N/A |  94.1 | 728.4
        Bailey |  10.4 |  10.4 |   N/A |   N/A |   5.9 | 318.0
               +-------+-------+-------+-------+-------+----------------------

Table legend: (Time is in decaauts)
 A = Elapsed time spent in this place.
 B = Non-inter-level travel time spent in this place.
 C = Inter-level travel time spent in this place.
 D = Time resting spent in this place.
 E = Time spent auto-exploring this place.
 F = Levels seen in this place.
 G = Mean time per level.
                   A        B        C        D        E       F      G
               +--------+--------+--------+--------+--------+-----+--------+
         Total |   8604 |   8267 |    337 |   2833 |   3895 |   8 | 1075.5 |
       Dungeon |   8442 |   8105 |    337 |   2795 |   3895 |   7 | 1206.0 |
        Bailey |    161 |    161 |      0 |     37 |      0 |   1 |  161.0 |
               +--------+--------+--------+--------+--------+-----+--------+

Top non-repeatable levels by time:
     D:5: 1981 daAuts
     D:4: 1418 daAuts
     D:1: 1407 daAuts
     D:2: 1307 daAuts
     D:6: 1134 daAuts
     D:3: 1059 daAuts
  Bailey: 161 daAuts
     D:7: 134 daAuts
